| TOP OF THE 1ST |
|
Iowa Cubs batting - Pitching for Louisville Bats : RHP Timmy John Aaron-Lee Frank Silveira
|
|
Pitching: RHP Timmy John Aaron-Lee Frank Silveira
|
|
|
Batting: LHB Jose Mojica
|
0-0: Ball 1-0: Called Strike 1-1: Fly out, F8 (Flyball, 8LS, EV 88.1 MPH)
|
|
Batting: RHB Butch Koglin
|
0-0: Ball 1-0: Ball 2-0: Foul Ball, location: 2F 2-1: Foul Ball, location: 2F 2-2: Foul Ball, location: 2F 2-2: Foul Ball, location: 2F 2-2: Ball 3-2: Ground out 5-3 (Groundball, 56, EV 106.3 MPH)
|
|
Batting: SHB Gerardo Flores
|
0-0: Called Strike 0-1: Ball 1-1: Called Strike 1-2: Strikes out swinging
|
| Top of the 1st over - 0 runs, 0 hits, 0 errors, 0 left on base; Iowa 0 - Louisville 0 |
| BOTTOM OF THE 1ST |
|
Louisville Bats batting - Pitching for Iowa Cubs : RHP Andy Temples
|
|
Pitching: RHP Andy Temples
|
|
|
Batting: LHB Ryan Braden
|
0-0: Called Strike 0-1: Swinging Strike 0-2: Ball 1-2: Foul Ball, location: 2F 1-2: Ball 2-2: Ball 3-2: SOLO HOME RUN (Flyball, 8RXD, EV 103.8 MPH), Distance : 437 ft
|
|
Batting: RHB Danny Real
|
0-0: Ball 1-0: Ground out 6-3 (Groundball, 6, EV 88.8 MPH)
|
|
Batting: LHB Randy Racine
|
0-0: Swinging Strike 0-1: Swinging Strike 0-2: Fly out, F8 (Flyball, 8LD, EV 96.3 MPH)
|
|
Batting: SHB Freddie Farrar
|
0-0: Called Strike 0-1: Fly out, F7 (Flyball, 7LM, EV 85.6 MPH)
|
| Bottom of the 1st over - 1 run, 1 hit, 0 errors, 0 left on base; Iowa 0 - Louisville 1 |
| TOP OF THE 2ND |
|
Iowa Cubs batting - Pitching for Louisville Bats : RHP Timmy John Aaron-Lee Frank Silveira
|
|
Batting: LHB Chris Morgan
|
0-0: Ball 1-0: Ball 2-0: Ball 3-0: Called Strike 3-1: Called Strike 3-2: Strikes out swinging
|
|
Batting: LHB John Criswell
|
0-0: Called Strike 0-1: SINGLE (Groundball, P, EV 89.4 MPH) (infield hit)
|
|
Batting: SHB Tim Hone
|
0-0: Foul Ball, location: 2F 0-1: Foul Ball, location: 2F 0-2: Ball 1-2: Fly out, F8 (Flyball, 8RD, EV 90.6 MPH)
|
|
Batting: RHB Pat Barton
|
0-0: Ball 1-0: Called Strike 1-1: Called Strike 1-2: Foul Ball, location: 2F 1-2: Ball 2-2: Foul Ball, location: 2F 2-2: Ball 3-2: Foul Ball, location: 2F 3-2: Foul Ball, location: 2F 3-2: Base on Balls John Criswell to second
|
|
Batting: LHB Rich Atterberry
|
0-0: Called Strike 0-1: Ball 1-1: Called Strike 1-2: Strikes out looking
|
| Top of the 2nd over - 0 runs, 1 hit, 0 errors, 2 left on base; Iowa 0 - Louisville 1 |
| BOTTOM OF THE 2ND |
|
Louisville Bats batting - Pitching for Iowa Cubs : RHP Andy Temples
|
|
Batting: RHB Casey Truax
|
0-0: Ball 1-0: Called Strike 1-1: Ball 2-1: Swinging Strike 2-2: Strikes out looking
|
|
Batting: RHB Estanislau Gosendes
|
0-0: Foul Ball, location: 2F 0-1: Ball 1-1: Ball 2-1: Swinging Strike 2-2: Foul Ball, location: 2F 2-2: Ground out 6-3 (Groundball, 6D, EV 98.8 MPH)
|
|
Batting: SHB Paul Sandoval
|
0-0: Ground out 3-1 (Groundball, 34S, EV 83.1 MPH)
|
| Bottom of the 2nd over - 0 runs, 0 hits, 0 errors, 0 left on base; Iowa 0 - Louisville 1 |
| TOP OF THE 3RD |
|
Iowa Cubs batting - Pitching for Louisville Bats : RHP Timmy John Aaron-Lee Frank Silveira
|
|
Batting: LHB Bobby Adams
|
0-0: Called Strike 0-1: Ball 1-1: Ground out U3 (Groundball, 3L, EV 103.1 MPH)
|
|
Batting: LHB Jose Mojica
|
0-0: Foul Ball, location: 2F 0-1: Foul Ball, location: 2F 0-2: Ball 1-2: Ground out U3 (Groundball, 34, EV 107.5 MPH)
|
|
Batting: RHB Butch Koglin
|
0-0: Reached on error, E6 (Groundball, 6M, EV 88.8 MPH)
|
|
Batting: SHB Gerardo Flores
|
0-0: Ground out U3 (Groundball, 3, EV 91.9 MPH)
|
| Top of the 3rd over - 0 runs, 0 hits, 1 error, 1 left on base; Iowa 0 - Louisville 1 |
| BOTTOM OF THE 3RD |
|
Louisville Bats batting - Pitching for Iowa Cubs : RHP Andy Temples
|
|
Batting: RHB Chris Zamora
|
0-0: Called Strike 0-1: Foul Ball, location: 2F 0-2: Ball 1-2: Ground out 5-3 (Groundball, 56S, EV 87.5 MPH)
|
|
Batting: RHB Yasusaburo Kuwahara
|
0-0: Ball 1-0: Called Strike 1-1: Foul Ball, location: 2F 1-2: Strikes out swinging
|
|
Batting: LHB Ryan Braden
|
0-0: Foul Ball, location: 2F 0-1: Ball 1-1: Fly out, F8 (Flyball, 8LXD, EV 104.4 MPH)
|
| Bottom of the 3rd over - 0 runs, 0 hits, 0 errors, 0 left on base; Iowa 0 - Louisville 1 |
| TOP OF THE 4TH |
|
Iowa Cubs batting - Pitching for Louisville Bats : RHP Timmy John Aaron-Lee Frank Silveira
|
|
Batting: LHB Chris Morgan
|
0-0: Foul Ball, location: 2F 0-1: Ball 1-1: Foul Ball, location: 2F 1-2: Strikes out swinging
|
|
Batting: LHB John Criswell
|
0-0: Ball 1-0: Called Strike 1-1: Foul Ball, location: 2F 1-2: Foul Ball, location: 2F 1-2: Strikes out swinging
|
|
Batting: SHB Tim Hone
|
0-0: Ball 1-0: Swinging Strike 1-1: Ball 2-1: Fly out, F9 (Flyball, 9LS, EV 95.0 MPH)
|
| Top of the 4th over - 0 runs, 0 hits, 0 errors, 0 left on base; Iowa 0 - Louisville 1 |
| BOTTOM OF THE 4TH |
|
Louisville Bats batting - Pitching for Iowa Cubs : RHP Andy Temples
|
|
Batting: RHB Danny Real
|
0-0: Foul Ball, location: 2F 0-1: Foul Ball, location: 2F 0-2: Ball 1-2: Ball 2-2: Strikes out swinging
|
|
Batting: LHB Randy Racine
|
0-0: SINGLE (Line Drive, 6MD, EV 103.8 MPH)
|
|
Batting: SHB Freddie Farrar
|
0-0: Swinging Strike 0-1: Called Strike 0-2: Strikes out swinging
|
|
Batting: RHB Casey Truax
|
0-0: Called Strike 0-1: Fly out, F8 (Flyball, 8RS, EV 90.6 MPH)
|
| Bottom of the 4th over - 0 runs, 1 hit, 0 errors, 1 left on base; Iowa 0 - Louisville 1 |
| TOP OF THE 5TH |
|
Iowa Cubs batting - Pitching for Louisville Bats : RHP Timmy John Aaron-Lee Frank Silveira
|
|
Batting: RHB Pat Barton
|
0-0: Swinging Strike 0-1: Ground out 6-3 (Groundball, 56D, EV 102.5 MPH)
|
|
Batting: LHB Rich Atterberry
|
0-0: Called Strike 0-1: Foul Ball, location: 2F 0-2: Strikes out swinging
|
|
Batting: LHB Bobby Adams
|
0-0: Ball 1-0: Ball 2-0: Ball 3-0: Called Strike 3-1: Ground out 6-3 (Groundball, 4MS, EV 85.6 MPH)
|
| Top of the 5th over - 0 runs, 0 hits, 0 errors, 0 left on base; Iowa 0 - Louisville 1 |
| BOTTOM OF THE 5TH |
|
Louisville Bats batting - Pitching for Iowa Cubs : RHP Andy Temples
|
|
Batting: RHB Estanislau Gosendes
|
0-0: Called Strike 0-1: Called Strike 0-2: Ball 1-2: Ball 2-2: Ball 3-2: Ground out 5-3 (Groundball, 56S, EV 72.5 MPH)
|
|
Batting: SHB Paul Sandoval
|
0-0: Fly out, F8 (Flyball, 8RD, EV 96.9 MPH)
|
|
Batting: RHB Chris Zamora
|
0-0: Foul Ball, location: 2F 0-1: Ball 1-1: Ball 2-1: Ground out 5-3 (Groundball, 5, EV 88.1 MPH)
|
| Bottom of the 5th over - 0 runs, 0 hits, 0 errors, 0 left on base; Iowa 0 - Louisville 1 |
| TOP OF THE 6TH |
|
Iowa Cubs batting - Pitching for Louisville Bats : RHP Timmy John Aaron-Lee Frank Silveira
|
|
Batting: LHB Jose Mojica
|
0-0: Fly out, F9 (Line Drive, 9D, EV 91.3 MPH)
|
|
Batting: RHB Butch Koglin
|
0-0: Swinging Strike 0-1: Foul Ball, location: 2F 0-2: Ball 1-2: Ball 2-2: Foul Ball, location: 2F 2-2: Ground out 4-3 (Groundball, 4D, EV 101.3 MPH)
|
|
Batting: SHB Gerardo Flores
|
0-0: Ball 1-0: Ball 2-0: Foul Ball, location: 2F 2-1: Foul Ball, location: 2F 2-2: Ball 3-2: Base on Balls
|
|
Batting: LHB Chris Morgan
|
0-0: Swinging Strike 0-1: Fly out, F8 (Flyball, 8RXD, EV 92.5 MPH)
|
| Top of the 6th over - 0 runs, 0 hits, 0 errors, 1 left on base; Iowa 0 - Louisville 1 |
| BOTTOM OF THE 6TH |
|
Louisville Bats batting - Pitching for Iowa Cubs : RHP Andy Temples
|
|
Batting: RHB Yasusaburo Kuwahara
|
0-0: Ball 1-0: Swinging Strike 1-1: Foul Ball, location: 2F 1-2: Ball 2-2: Ground out 6-3 (Groundball, 6, EV 102.5 MPH)
|
|
Batting: LHB Ryan Braden
|
0-0: Called Strike 0-1: Ball 1-1: Swinging Strike 1-2: Foul Ball, location: 2F 1-2: Strikes out looking
|
|
Batting: RHB Danny Real
|
0-0: Ball 1-0: Fly out, F9 (Flyball, 89M, EV 85.0 MPH)
|
| Bottom of the 6th over - 0 runs, 0 hits, 0 errors, 0 left on base; Iowa 0 - Louisville 1 |
| TOP OF THE 7TH |
|
Iowa Cubs batting - Pitching for Louisville Bats : RHP Timmy John Aaron-Lee Frank Silveira
|
|
Batting: LHB John Criswell
|
0-0: TRIPLE (Line Drive, 89XD, EV 101.9 MPH)
|
|
Batting: SHB Tim Hone
|
0-0: Ball 1-0: Ball Squeeze bunt is on, John Criswell is out 2-1: SINGLE (Line Drive, 8LS, EV 100.6 MPH)
|
|
Batting: RHB Pat Barton
|
0-0: Called Strike 0-1: Swinging Strike 0-2: Ball 1-2: SINGLE (Line Drive, 9LS, EV 107.5 MPH) Tim Hone to second
|
|
Pitching: LHP Jesus Perez
|
|
|
Batting: LHB Rich Atterberry
|
0-0: Ball 1-0: Swinging Strike 1-1: Called Strike 1-2: Strikes out swinging
|
|
Batting: SHB Seung-ho Zhang
|
0-0: Ball 1-0: Ball 2-0: Ball 3-0: Called Strike 3-1: Foul Ball, location: 2F 3-2: Foul Ball, location: 2F 3-2: Strikes out swinging
|
| Top of the 7th over - 0 runs, 3 hits, 0 errors, 2 left on base; Iowa 0 - Louisville 1 |
| BOTTOM OF THE 7TH |
|
Louisville Bats batting - Pitching for Iowa Cubs : RHP Andy Temples
|
|
Batting: LHB Randy Racine
|
0-0: Called Strike 0-1: Ground out 4-3 (Groundball, 4, EV 90.6 MPH)
|
|
Batting: SHB Freddie Farrar
|
0-0: Ball 1-0: Ball 2-0: Ball 3-0: Called Strike 3-1: Base on Balls
|
|
Batting: RHB Casey Truax
|
0-0: Ball 1-0: Ball 2-0: Ball 3-0: Called Strike 3-1: Called Strike 3-2: Foul Ball, location: 2F 3-2: Fly out, F7 (Line Drive, 7, EV 96.9 MPH)
|
|
Batting: RHB Estanislau Gosendes
|
0-0: Called Strike 0-1: Called Strike 0-2: Ball 1-2: Strikes out swinging
|
| Bottom of the 7th over - 0 runs, 0 hits, 0 errors, 1 left on base; Iowa 0 - Louisville 1 |
| TOP OF THE 8TH |
|
Iowa Cubs batting - Pitching for Louisville Bats : LHP Jesus Perez
|
|
Pinch Hitting: RHB Shintaro Katsumata
|
0-0: Ball 1-0: Ball 2-0: Ball 3-0: Called Strike 3-1: Base on Balls
|
|
Pitching: RHP Tim Beck
|
|
|
Batting: RHB Butch Koglin
|
0-0: Ball 1-0: Ball 2-0: Ball 3-0: Called Strike 3-1: Ball Shintaro Katsumata to second
|
|
Batting: SHB Gerardo Flores
|
0-0: Ball 1-0: Ball 2-0: Called Strike 2-1: Called Strike 2-2: Ball 3-2: Fielders Choice at 2nd, 4-6 (Groundball, 4S, EV 82.5 MPH) Shintaro Katsumata to third
|
|
Batting: LHB Chris Morgan
|
0-0: Ball 1-0: Ball 2-0: Called Strike 2-1: Ground out 3-1 (Groundball, 3L, EV 100.6 MPH) Gerardo Flores to second
|
|
Batting: LHB John Criswell
|
0-0: Foul Ball, location: 2F 0-1: Ball 1-1: Foul Ball, location: 2F 1-2: SINGLE (Groundball, 4MD, EV 105.0 MPH) Shintaro Katsumata scores Gerardo Flores to third Runner from 3rd tries for Home, SAFE, throw by CF to home John Criswell to second
|
|
Batting: SHB Tim Hone
|
0-0: Ball 1-0: Ball 2-0: SINGLE (Groundball, 56D, EV 108.8 MPH) John Criswell to third Runner from 3rd tries for Home, SAFE, throw by LF to home
|
|
Batting: RHB Pat Barton
|
0-0: Called Strike Tim Hone steals 2nd base 0-1: Ball 1-1: Called Strike 1-2: Fly out, F8 (Flyball, 89XD, EV 92.5 MPH)
|
| Top of the 8th over - 3 runs, 2 hits, 0 errors, 1 left on base; Iowa 3 - Louisville 1 |
| BOTTOM OF THE 8TH |
|
Louisville Bats batting - Pitching for Iowa Cubs : RHP Andy Temples
|
|
Now at SS: Jonathan Underhill
|
|
|
Batting: SHB Paul Sandoval
|
0-0: Ball 1-0: Swinging Strike 1-1: Ground out 6-3 (Groundball, 6D, EV 108.8 MPH)
|
|
Batting: RHB Chris Zamora
|
0-0: Called Strike 0-1: SINGLE (Groundball, 6M, EV 98.8 MPH) (infield hit)
|
|
Batting: RHB Yasusaburo Kuwahara
|
0-0: Grounds into double play, 6-4-3 (Groundball, 6, EV 86.3 MPH)
|
| Bottom of the 8th over - 0 runs, 1 hit, 0 errors, 0 left on base; Iowa 3 - Louisville 1 |
| TOP OF THE 9TH |
|
Iowa Cubs batting - Pitching for Louisville Bats : RHP Tim Beck
|
|
Pitching: LHP Katsusuke Suyama
|
|
|
Pinch Hitting: RHB Peter Croston
|
0-0: Called Strike 0-1: Ball 1-1: Ball 2-1: Foul Ball, location: 2F 2-2: Ground out 6-3 (Groundball, 6, EV 96.9 MPH)
|
|
Pitching: RHP Gwidon Kaminski
|
|
|
Batting: SHB Seung-ho Zhang
|
0-0: Called Strike 0-1: Ball 1-1: Ground out 4-3 (Groundball, 4, EV 89.4 MPH)
|
|
Batting: RHB Jonathan Underhill
|
0-0: Ball 1-0: Ground out 5-3 (Groundball, 5S, EV 69.4 MPH)
|
| Top of the 9th over - 0 runs, 0 hits, 0 errors, 0 left on base; Iowa 3 - Louisville 1 |
| BOTTOM OF THE 9TH |
|
Louisville Bats batting - Pitching for Iowa Cubs : RHP Andy Temples
|
|
Now at C: R.J. Vargas
|
|
|
Batting: LHB Ryan Braden
|
0-0: Ball 1-0: Foul Ball, location: 2F 1-1: Foul Ball, location: 2F 1-2: Strikes out swinging
|
|
Batting: RHB Danny Real
|
0-0: Fly out, F9 (Flyball, 9D, EV 85.0 MPH)
|
|
Batting: LHB Randy Racine
|
0-0: Ball 1-0: Ball 2-0: Ground out U3 (Groundball, 34, EV 82.5 MPH)
|
| Bottom of the 9th over - 0 runs, 0 hits, 0 errors, 0 left on base; Iowa 3 - Louisville 1 |
|